[Event "Saint Louis Norm Congress-GM 2022"]
[Site "Saint Louis"]
[Date "2022.05.19"]
[Round "1.1"]
[White "Brodsky, David"]
[Black "Stearman, Josiah"]
[Result "1-0"]
[ECO "B90"]
[WhiteElo "2484"]
[BlackElo "2375"]
[Annotator "TA"]
[PlyCount "135"]
[EventDate "2022.05.20"]
[EventType "tourn"]
[EventCountry "USA"]
[SourceTitle "playchess.com"]
[Source "ChessBase"]
[SourceQuality "1"]
[TimeControl "5400+30"]

1. e4 c5 2. Nf3 d6 3. d4 cxd4 4. Nxd4 Nf6 5. Nc3 a6 6. Qd3 {[%emt 0:01:30] B90: Sicilian Najdorf: Unusual White 6th moves, 6 Be3 Ng4 and 6 Be3 e5.} e5 7. Nf5 Bxf5 8. exf5 {[%emt 0:00:10] White is slightly better.} h6 9. Be3 Nc6 10. O-O-O {[%emt 0:01:33] [#]} Nb4 $146 ({Predecessor:} 10... Qa5 11. Kb1 Rd8 12. Nd5 Nxd5 13. Qxd5 Qxd5 14. Rxd5 Ne7 15. Rd2 Nxf5 16. Bb6 Rc8 {½-½ (29) Maltsevskaya,A (2333)-Garifullina,L (2330) Sochi 2019}) 11. Qd2 ({White should play} 11. Qe2 $16) 11... Rc8 {[%emt 0:01:30] And now ...Qa5 would win.} 12. Kb1 $1 d5 13. f4 (13. a3 $14) 13... Qa5 $1 $11 14. a3 (14. fxe5 $2 Ne4 15. a3 Nxd2+ $19) 14... d4 15. Bxd4 exd4 16. Qe2+ (16. Qxd4 $2 Nc6 17. Qa4 Qxa4 18. Nxa4 Rd8 $19) 16... Be7 17. axb4 Qxb4 18. Na2 Qc5 19. Nc1 O-O 20. Nb3 Qxf5 21. Rxd4 Rfe8 22. Qd3 Qe6 {[%emt 0:00:18] Black wants to play ...Ng4.} 23. g3 $1 Bc5 24. Nxc5 Qc6 $132 {[%emt 0:00:05][%mdl 2048] [#] Black is not keeping still} 25. Rg1 Re1+ (25... Qxc5 26. Bg2) 26. Ka2 Qxc5 27. Bh3 $1 Rxg1 (27... Rce8 $11 {keeps the balance.} 28. Rxe1 Qa5+ 29. Kb3 Qxe1) 28. Bxc8 $16 {[%emt 0:00:13] Hoping for Rd8+. White stays focused until the end.} Qa5+ 29. Kb3 Re1 (29... g6 $16 {was necessary.}) 30. Bxb7 $18 Re6 {[%emt 0:02:23] ( -> ...Rb6+)} 31. c3 g6 32. Bf3 Kg7 33. Rd6 Rxd6 34. Qxd6 {[%emt 0:00:05][%mdl 4096] Endgame KQB-KQN} Qb5+ 35. Kc2 Qf1 36. Qd1 Qh3 37. Qe2 h5 (37... a5 $16 38. b3 h5) 38. b4 Qf5+ 39. Kb2 h4 40. Bb7 ({Not} 40. Qxa6 Qh3 $18) 40... a5 41. b5 h3 42. Bc6 Qc5 43. Kb3 {[%emt 0:00:55] Threatens to win with Qe5.} Qg1 44. Kc4 a4 45. Kb4 Qa1 46. Qc2 a3 47. Kb3 {[%emt 0:00:04] Prevents Qb2+.} Ng4 48. c4 Kh7 $2 {[%emt 0:01:51] [#]} (48... Ne3 {was worth a try.} 49. Qc3+ Qxc3+ 50. Kxc3 Nxc4) 49. Qc3 $1 Qg1 50. Kxa3 {[%emt 0:00:17] Black must now prevent c5.} Nxh2 51. g4 Nxg4 52. Qxh3+ Kg8 53. Qf3 Ne3 54. Qe4 ({Less strong is} 54. Qe2 Qa1+ 55. Kb4 Qd4 $16) 54... Qc1+ 55. Kb4 Nf5 56. Qe8+ Kg7 57. Qe5+ f6 58. Qc7+ Kh6 {[%emt 0:00:01] [#]} 59. Bd5 $1 Ne3 60. b6 Nc2+ 61. Kb5 {[%emt 0:00:29] b7 is the strong threat.} Qa3 62. Qc5 {[%emt 0:00:41] Intending Qxa3 and mate.} Qb2+ 63. Kc6 Nb4+ 64. Kd7 Nd3 65. Qf8+ {[%emt 0:00:26] White mates.} Kh5 66. b7 Qb6 67. b8=Q Nc5+ 68. Ke7 {[%emt 0:00:13] Weighted Error Value: White=0.04 (flawless) /Black=0.32} 1-0

[Event "Saint Louis Norm Congress-GM 2022"]
[Site "Saint Louis"]
[Date "2022.05.19"]
[Round "1.2"]
[White "Repka, Christopher"]
[Black "Belous, Vladimir"]
[Result "0-1"]
[ECO "E71"]
[WhiteElo "2524"]
[BlackElo "2525"]
[Annotator "TA"]
[PlyCount "72"]
[EventDate "2022.05.20"]
[EventType "tourn"]
[EventCountry "USA"]
[SourceTitle "playchess.com"]
[Source "ChessBase"]
[SourceQuality "1"]
[TimeControl "5400+30"]

1. d4 Nf6 2. c4 g6 3. Nc3 Bg7 4. e4 d6 5. h3 O-O 6. Be3 e5 7. d5 Na6 8. g4 {[%emt 0:00:16] E71: King's Indian: 4 e4 d6 5 h3.} Nc5 9. f3 a5 10. Nge2 {[%emt 0:03:44] White is slightly better.} Bd7 (10... c6 $11) 11. h4 c6 12. h5 (12. dxc6 $16 Bxc6 13. h5) 12... cxd5 $1 $14 13. cxd5 b5 14. Ng3 $1 a4 15. Qd2 (15. Nxb5 $2 Bxb5 16. Bxc5 dxc5 $19) 15... Qa5 $1 16. h6 Bh8 {[%emt 0:00:48] [#]} 17. Nf5 $1 $36 {[%emt 0:01:21][%mdl 2048] White has some pressure.} Bxf5 (17... gxf5 $2 18. Bxc5 f4 19. Bxd6 $18) 18. gxf5 {[%emt 0:00:28] [#]} Rfb8 $146 (18... b4 $14) ({Predecessor:} 18... b4 19. Nb5 Nfxe4 20. fxe4 Nxe4 21. Qg2 b3+ 22. Bd2 Nxd2 23. Qxd2 Qb6 24. a3 e4 {1-0 (57) Rost,D (2461)-Lanc,A (2422) ICCF email 2017}) 19. fxg6 $16 fxg6 20. Nd1 b4 21. Rc1 Ncxe4 22. fxe4 Nxe4 23. Qg2 b3+ 24. Bd2 ({Weaker is} 24. Nc3 a3 25. axb3 (25. Qxe4 $2 axb2 26. Rg1 bxc1=Q+ 27. Bxc1 Qxc3+ $19) 25... Rxb3 $1 26. Qxe4 axb2 $19) 24... Nxd2 25. Qxd2 Rb4 (25... Qxd2+ $14 26. Kxd2 bxa2) 26. axb3 axb3 27. Ne3 Bf6 {[%emt 0:02:04] [#]} 28. Bh3 (28. Nc4 $1 $18 {[%cal Rc4a5] and the rest is easy.} Qc5 29. Qf2) 28... Bg5 {[%emt 0:01:58] And now ...Bxe3 would win.} 29. Be6+ Kh8 30. Rh3 ({White should play} 30. Ke2 $1 $14 Qa6+ 31. Qd3 (31. Ke1 $2 Re4 $19)) 30... Rf8 $1 $11 {[%emt 0:01:23] Chess con chili.} 31. Qc3 $2 {[%emt 0:03:32][%mdl 8192] [#]} (31. Rc4 $11 Qa1+ 32. Qc1) 31... Qb6 $1 $19 {[%emt 0:01:41] White must now prevent ...Re4.} 32. Ke2 {[%emt 0:14:20] Qc7 is the strong threat.} Rbf4 ({But not} 32... Re4 $2 33. Rf1 Qa6+ 34. Qd3 Qxd3+ 35. Kxd3 Rxe3+ 36. Rxe3 Rxf1 37. Rh3 $19) 33. Rg1 Rf2+ {[%emt 0:01:25] Black mates.} 34. Ke1 {[%emt 0:00:06] [#]} Rc2 $1 {[%emt 0:01:55][%mdl 576] Pin} 35. Rf1 Rxf1+ {[%emt 0:00:15][%mdl 64] Remove Defender} 36. Nxf1 Qf2+ {[%emt 0:00:05] Weighted Error Value: White=0.65/Black=0.12 (very precise)} 0-1

[Event "Saint Louis Norm Congress-GM 2022"]
[Site "Saint Louis"]
[Date "2022.05.19"]
[Round "1.3"]
[White "Park, Evan"]
[Black "Ruiz Castillo, Joshua Daniel"]
[Result "0-1"]
[ECO "B75"]
[WhiteElo "2431"]
[BlackElo "2473"]
[Annotator "TA"]
[PlyCount "75"]
[EventDate "2022.05.20"]
[EventType "tourn"]
[EventCountry "USA"]
[SourceTitle "playchess.com"]
[Source "ChessBase"]
[SourceQuality "1"]
[TimeControl "5400+30"]

1. e4 c5 2. Nf3 d6 3. d4 cxd4 4. Nxd4 Nf6 5. Nc3 g6 6. Be3 Bg7 7. f3 a6 8. Qd2 h5 {[%emt 0:00:31] B75: Sicilian Dragon: Yugoslav Attack, Miscellaneous.} 9. Be2 Nbd7 10. O-O O-O {[%emt 0:00:07] White is slightly better.} 11. Nd5 Nxd5 12. exd5 Nf6 13. c4 Qc7 14. Rac1 Re8 {[%emt 0:16:46] [#]} 15. Rfe1 $146 ({Predecessor:} 15. Rfd1 e6 16. dxe6 Bxe6 17. Bf1 Rac8 18. b3 Bd7 19. Nc2 d5 20. cxd5 Qe5 21. Bd4 {½-½ (72) Cavalcanti,B (2308)-Wellen,L (2237) ICCF email 2018}) 15... e5 16. dxe6 Bxe6 17. Bf1 Bd7 18. Bf2 Rxe1 19. Rxe1 Re8 20. Rxe8+ Nxe8 21. b3 Be5 22. f4 Bf6 23. Nc2 Bg7 24. Bd4 Bf5 25. Ne3 Be4 26. Bxg7 Nxg7 27. Qd4 Bc6 28. g3 Qa5 29. Qxd6 Qxa2 30. Nd5 Bxd5 31. cxd5 (31. Qd8+ $11 Kh7 32. Qxd5) 31... Qxb3 $11 {[%emt 0:00:23][%mdl 4096] Endgame KQB-KQN} 32. Qc5 $2 {[%emt 0:00:53] [#]} ({White should play} 32. Qd8+ $1 $15 Kh7 33. Qd7) 32... h4 $2 (32... Nf5 $19 {aiming for ...b5.} 33. Be2 Qb1+ 34. Kg2 Qe4+ 35. Bf3 Qe1) 33. Qc8+ $2 (33. gxh4 $17 a5 34. d6 (34. Qc8+ $2 Kh7 $19)) 33... Kh7 $19 34. Bc4 $2 (34. Qc4 Qe3+ 35. Kh1) 34... Qe3+ {[%emt 0:01:49] Black is clearly winning.} 35. Kg2 hxg3 36. Qh3+ Nh5 {[%emt 0:00:06] [#] Hoping for ...Qe4+.} 37. d6 Qe4+ 38. Kg1 {[%emt 0:00:04] Weighted Error Value: White=0.69/Black=0.07 (flawless)} 0-1

[Event "Saint Louis Norm Congress-GM 2022"]
[Site "Saint Louis"]
[Date "2022.05.19"]
[Round "1.4"]
[White "Matviishen, Viktor"]
[Black "Daggupati, Balaji"]
[Result "1/2-1/2"]
[ECO "D20"]
[WhiteElo "2517"]
[BlackElo "2486"]
[Annotator "TA"]
[PlyCount "133"]
[EventDate "2022.05.20"]
[EventType "tourn"]
[EventCountry "USA"]
[SourceTitle "playchess.com"]
[Source "ChessBase"]
[SourceQuality "1"]
[TimeControl "5400+30"]

1. d4 d5 2. c4 dxc4 3. e4 e5 4. Nf3 Bb4+ 5. Bd2 Bxd2+ 6. Nbxd2 exd4 7. Bxc4 Nc6 {[%emt 0:01:17] 7...Qf6 is not played anymore.} 8. O-O Qf6 9. b4 {[%emt 0:18:19][%cal Oe4e5,Bb2b4,Bb4b5][%mdl 1056] White has compensation.} Nge7 {[%emt 0:12:51] D20: Queen's Gambit Accepted: 3 e3 and 3 e4.} 10. b5 Na5 11. Qa4 {[%emt 0:02:02] [#]} b6 $146 ({Predecessor:} 11... Nxc4 12. Qxc4 c6 13. Nxd4 Bd7 14. e5 Qg6 15. Rfe1 cxb5 16. Nxb5 O-O 17. Nd6 Bc6 {1-0 (44) Sethuraman,S (2624)-Quesada Perez,Y (2582) chess24.com INT 2019}) 12. Bd3 O-O 13. e5 Qh6 14. Be4 Bb7 15. Bxb7 Nxb7 16. Qxd4 Rfd8 (16... Rad8 $5 17. Qc4 c5 $11) 17. Qc4 c6 (17... Rxd2 $2 18. Nxd2 (18. Qxc7 Rdd8 $16) 18... Nc5 19. Nb3 $18) 18. Nb3 Rd5 19. Nfd4 Nd8 20. Rac1 cxb5 21. Qc7 (21. Nxb5 $5 Rxe5 22. f4 $14) 21... Kf8 22. Rcd1 $1 Qh5 23. f4 Qg4 24. f5 Rc8 (24... Nxf5 $2 25. Nxf5 $1 Ne6 26. Qe7+ Kg8 27. Rxd5 $18) 25. Qxa7 {[%emt 0:00:01] aiming for h3.} Rc2 26. Nxc2 {[%emt 0:01:01] Dancing on a razor blade.} Rxd1 $40 {[%emt 0:00:03][%mdl 128] Black attacks.} 27. Ne1 (27. Ne3 $11 Rxf1+ 28. Nxf1) 27... Nxf5 28. Qxb6 Qe2 {[%emt 0:01:27][%csl LRa2,LRe1,LRe5] ( -> ...Ne3)} 29. Qf2 {[%emt 0:00:45] [#]} Qe3 ({Better is} 29... Qxe5 $1 $17 {Black wants to play ...Ne3.} 30. Nf3 (30. Nd3 Rxf1+) 30... Qd5 31. Qc5+ Qxc5+ 32. Nxc5 Rxf1+ 33. Kxf1 Ke7) 30. g4 (30. Nf3 $1 $11 {remains equal.} Rxf1+ 31. Kxf1) 30... Qxf2+ $17 31. Kxf2 Nd4 32. Nxd4 Rxd4 {[%emt 0:00:02][%mdl 4096] Endgame KRN-KRN} 33. Nf3 Rxg4 34. Rb1 Ra4 35. Rxb5 Rxa2+ 36. Kg3 Ke7 37. h4 Ra3 38. Rb6 Rc3 39. Kf2 Rc4 40. Ke3 Rg4 ({Black should try} 40... Ne6 $17 41. Kd3 Rc7) 41. Ra6 $11 h6 42. Nd4 g6 43. Ra7+ Ke8 {[%emt 0:00:03][%cal Og4d4] Hoping for ...Rxd4!} 44. Nb5 Kf8 45. Nd6 Rxh4 46. Rd7 $1 Nc6 47. Rxf7+ Kg8 48. e6 {[%emt 0:00:25] Ne8 would kill now.} Rh5 {[%emt 0:00:59] Strongly threatening ...Re5+.} 49. Rc7 Re5+ 50. Kf4 Rxe6 51. Rxc6 {[%emt 0:00:05] KRN-KR} Re7 {[%emt 0:00:11] [#]} (51... Kf8 $11) 52. Nc4 $1 $16 Rf7+ 53. Kg3 (53. Ke4 $14) 53... Kh7 54. Ne5 Re7 55. Kf4 ({Of course not} 55. Rxg6 Rxe5 56. Rc6 Ra5 $11) ({Much weaker is} 55. Nxg6 Rg7 $11) 55... Rg7 56. Kg4 Rg8 57. Rc7+ Rg7 58. Nf7 Kg8 {[%emt 0:00:07] The position is equal.} 59. Nxh6+ Kh7 $1 {[%emt 0:00:06] [#]} 60. Rc1 Ra7 61. Rh1 Kg7 62. Kf4 Ra4+ 63. Ke3 Ra3+ 64. Kd2 Ra2+ 65. Kc3 Rg2 66. Kd3 Rg5 67. Ke4 {[%emt 0:00:18] Weighted Error Value: White=0.10 (very precise) /Black=0.13 (very precise)} 1/2-1/2

[Event "Saint Louis Norm Congress-GM 2022"]
[Site "Saint Louis"]
[Date "2022.05.19"]
[Round "1.5"]
[White "Kavutskiy, Konstantin"]
[Black "Schitco, Ivan"]
[Result "1/2-1/2"]
[ECO "A21"]
[WhiteElo "2407"]
[BlackElo "2484"]
[Annotator "TA"]
[PlyCount "120"]
[EventDate "2022.05.20"]
[EventType "tourn"]
[EventCountry "USA"]
[SourceTitle "playchess.com"]
[Source "ChessBase"]
[SourceQuality "1"]
[TimeControl "5400+30"]

1. d4 d6 2. c4 e5 3. Nc3 exd4 4. Qxd4 Nc6 5. Qd2 Nf6 6. b3 a5 7. Bb2 {[%emt 0:01:11] A21: English Opening: 1...e5 2 Nc3.} a4 8. Rd1 axb3 9. axb3 g6 10. g3 Bg7 11. Bg2 O-O 12. Nf3 Nd7 {[%emt 0:14:34] [#]} 13. Nd5 $146 ({Predecessor:} 13. Na4 Bxb2 14. Qxb2 Qf6 15. Qxf6 Nxf6 16. Nc3 Re8 17. O-O Bg4 18. h3 Bf5 19. e3 Be4 20. Ra1 Rec8 21. Nb5 Ne8 22. Nc3 Nf6 23. Nb5 Ne8 24. Nc3 Nf6 {½-½ (24) Nguyen,A (2484)-Nihal,S (2578) Sharjah 2019}) 13... Ra2 14. Nc3 Ra8 15. Nd5 Nce5 (15... Ra2 $5 16. Nc3 Rxb2 17. Qxb2 Nc5 $11) 16. O-O c6 17. Nc3 Nxf3+ 18. exf3 Qb6 19. Ne4 {[%emt 0:12:36] [#] Bxg7 is the strong threat.} (19. Qxd6 Qxb3 20. Ra1 (20. Qd2 $2 Nb6 $19) 20... Rb8 $17) 19... Ra2 20. Nc3 Ra8 21. Ne4 {[%emt 0:01:13] Strongly threatening Bxg7.} ({But not} 21. Qxd6 Qxb3 22. Ra1 (22. Qd2 $2 Nb6 $19) 22... Rb8 $17) 21... Ra2 22. Nc3 Qxb3 23. Nxa2 Qxb2 ({Less strong is} 23... Bxb2 24. Rb1 Qxa2 25. Rxb2 Qxc4 26. Qxd6 $16) 24. Qxb2 Bxb2 25. Rxd6 Nb6 $1 26. Rfd1 (26. c5 $5 Na4 27. Rd2 $11) 26... Nxc4 27. Rd8 {[%emt 0:00:12] [#] Hoping for Rxf8+.} Bf6 28. Rxf8+ Kxf8 29. f4 Ke7 30. Nb4 Bf5 31. Nxc6+ bxc6 $15 32. Bxc6 Nb2 33. Re1+ Kd6 34. Bb5 Kc5 35. Bf1 Nd3 36. Bxd3 Bxd3 37. Re8 Bf5 38. Ra8 Be6 39. Ra4 Bd4 40. Ra5+ Kc4 41. Ra3 Bc3 42. Kf1 Kd3 43. Kg2 Bd5+ 44. Kf1 Kd2 45. Ra7 {[%emt 0:00:48] Black must now prevent Rd7.} Be6 {[%emt 0:00:29] Prevents Rd7+.} 46. Ra4 Bh3+ 47. Kg1 h5 48. Ra7 Bd4 49. Ra4 Kd3 50. Rb4 h4 (50... Bd7 $17 51. Kg2 Be6) 51. Ra4 (51. gxh4 $11 Ke4 52. Ra4) 51... Bg4 (51... Bd7 $17 52. Rb4 h3) 52. gxh4 Bf3 53. Kf1 Bf6 {[%emt 0:00:24][%mdl 1024] Black has compensation. This bishop pair is nice.} 54. Ra7 {[%emt 0:00:49] The position is equal.} Bd5 55. f5 Bxh4 56. fxg6 fxg6 57. Ra3+ Kd2 58. Ra4 Bf6 59. Rg4 g5 60. f4 gxf4 {[%emt 0:00:16] Weighted Error Value: White=0.10 (very precise) /Black=0.10 (very precise)} 1/2-1/2

[Event "Saint Louis Norm Congress-GM 2022"]
[Site "Saint Louis"]
[Date "2022.05.20"]
[Round "2.1"]
[White "Stearman, Josiah"]
[Black "Schitco, Ivan"]
[Result "1-0"]
[ECO "C41"]
[WhiteElo "2375"]
[BlackElo "2484"]
[Annotator "TA"]
[PlyCount "115"]
[EventDate "2022.05.20"]
[EventType "tourn"]
[EventCountry "USA"]
[SourceTitle "playchess.com"]
[Source "ChessBase"]
[SourceQuality "1"]
[TimeControl "5400+30"]

1. d4 d6 2. e4 Nf6 3. Nc3 e5 4. Nf3 Nbd7 5. Bc4 Be7 6. O-O O-O 7. Re1 c6 8. a4 h6 {[%emt 0:00:30] is now debated instead of 8...b6.} 9. a5 Rb8 {[%emt 0:01:42] C41: Philidor Defence.} 10. h3 b5 11. axb6 axb6 {[%emt 0:00:09] The position is equal.} 12. b4 b5 {[%emt 0:00:19] [#]} 13. Bf1 $146 ({Predecessor:} 13. Bb3 Qc7 14. Be3 Re8 15. Qd2 exd4 16. Bxd4 Ne5 17. Qf4 Nh5 18. Qe3 Ng6 19. Qd2 {½-½ (58) Dedina,M (2254)-Kratochvil,J (2151) ICCF email 2015}) 13... Bb7 14. Be3 Ra8 15. Qd2 $1 Rxa1 16. Rxa1 Qb8 17. Nh4 {[%emt 0:13:27] Hoping for Nf5.} d5 18. dxe5 Nxe5 19. Ba7 (19. Bxh6 $5 Nxe4 20. Nxe4 Bxh4 21. Bg5 $11) 19... Qc7 (19... Qd8 $11) 20. exd5 $14 Bxb4 {[%emt 0:17:49] [#]} 21. Nxb5 $1 cxb5 (21... Bxd2 22. Nxc7) 22. Qxb4 Bxd5 23. Bd4 (23. Bxb5 Qxc2 24. Ba4 Qc7 $14) 23... Ned7 24. Nf5 (24. Qxb5 $6 Qf4 25. Nf3 (25. Ra4 Qxh4 26. Bc5 Qxa4 $17) 25... Bxf3 $14) 24... Qf4 (24... Bc4 $16) 25. Ne7+ $18 Kh8 (25... Kh7 $142 26. Nxd5 (26. Bxb5 Rb8 $16) 26... Nxd5) 26. g3 (26. Bxb5 $6 Rb8 $18) 26... Qe4 27. Nxd5 {[%emt 0:00:06] Active counter play!} Qxd5 28. Bxf6 (28. Bxb5 Rb8 $16) 28... gxf6 29. Qf4 ({Not} 29. Bxb5 Rb8 $16) (29. Qxb5 $6 Qxb5 30. Bxb5 Nc5 $18) 29... Qg5 {[%emt 0:00:13] [#]} 30. Qd6 ({Don't play} 30. Qxg5 $6 fxg5 31. Bxb5 Ne5 $16) 30... Qe5 31. Rd1 Qxd6 32. Rxd6 {[%emt 0:00:01][%mdl 4096] Endgame KRB-KRN} Ne5 33. Bxb5 Nf3+ 34. Kf1 Kg7 35. c4 Rc8 36. Ke2 Ng5 37. Bc6 f5 38. Bd5 Re8+ 39. Kf1 f4 (39... Re7 $16 40. Rc6 Ne6) 40. h4 ({Don't do} 40. gxf4 $6 Nxh3 41. Rd7 Rf8 $16) 40... Ne4 {[%emt 0:00:07] [#]} 41. Rd7 fxg3 42. Rxf7+ Kh8 43. f3 Nc3 44. Kg2 Re5 $2 (44... Ne2 {keeps fighting.} 45. f4 Rg8) 45. f4 Re3 46. Bf3 {[%emt 0:00:35] Threatens to win with c5.} Kg8 47. Ra7 Ne2 48. f5 {[%emt 0:02:43] And now c5 would win.} Nd4 $2 (48... Kf8 49. c5 Nd4) 49. Bd5+ Kf8 50. f6 {[%emt 0:00:06] Ra8+ is the strong threat.} Nf5 51. f7 Re2+ 52. Kh3 Rh2+ 53. Kg4 Kg7 {[%emt 0:00:54] White mates.} 54. Kxf5 Rf2+ 55. Ke5 g2 56. Ra8 Kg6 57. f8=Q Rxf8 58. Rxf8 {[%emt 0:00:14] Weighted Error Value: White=0.12 (very precise) /Black=0.38} 1-0

[Event "Saint Louis Norm Congress-GM 2022"]
[Site "Saint Louis"]
[Date "2022.05.20"]
[Round "2.2"]
[White "Daggupati, Balaji"]
[Black "Kavutskiy, Konstantin"]
[Result "1-0"]
[ECO "B47"]
[WhiteElo "2486"]
[BlackElo "2407"]
[Annotator "TA"]
[PlyCount "101"]
[EventDate "2022.05.20"]
[EventType "tourn"]
[EventCountry "USA"]
[SourceTitle "playchess.com"]
[Source "ChessBase"]
[SourceQuality "1"]
[TimeControl "5400+30"]

1. e4 c5 2. Nf3 e6 3. d4 cxd4 4. Nxd4 Nc6 5. Nc3 Qc7 6. g3 a6 7. Bg2 Nf6 8. O-O Nxd4 9. Qxd4 Bc5 10. Bf4 d6 11. Qd2 h6 12. Rad1 e5 13. Be3 Bxe3 {[%emt 0:00:36] B47: Sicilian: Taimanov: 5 Nc3 Qc7 6 f4, 6 g3 and 6 Be2.} 14. fxe3 Be6 15. Qxd6 Rc8 {[%emt 0:01:19] White is slightly better.} 16. Rf2 Qxd6 17. Rxd6 Ke7 18. Rb6 Rc7 $1 19. Nd5+ Bxd5 20. exd5 {[%emt 0:00:06] aiming for d6+.} Rd8 {[%emt 0:05:30] [#] Inhibits d6+.} 21. c4 $146 ({Predecessor:} 21. Rd2 Rd6 22. Rb4 Nd7 23. a4 a5 24. Rb5 b6 25. b4 axb4 26. Rxb4 Nc5 27. Bf1 {0-1 (52) Korchmar,V (2450)-Fishbein,M (2099) Chess.com INT 2021}) 21... Rd6 22. Rb3 Rxc4 23. Rxb7+ Ke8 24. e4 a5 (24... Rd7 $1 $14 25. Rxd7 Kxd7) 25. Bf3 (25. Rf5 $16) 25... Nd7 (25... Rd7 $14 26. Rb5 Nxe4) 26. Kg2 $36 {[%emt 0:04:45][%mdl 2048] White has strong initiative.} f6 (26... a4 $16 {was worth a try.} 27. b3 axb3) 27. Re2 Kd8 28. Ra7 a4 29. Bh5 Nc5 30. Bg6 ({Don't play} 30. Rxg7 $6 Nxe4 31. Bg6 Nc5 $16) 30... Rd7 31. Ra8+ Ke7 32. Rc8 (32. Re8+ $18 {is more deadly.} Kd6 33. Kf3) 32... Rd8 $16 33. Rc7+ Rd7 34. Rc6 Rd6 35. Rc8 {[%emt 0:00:05][%cal Ob2b4] b4! is the strong threat.} Rd8 36. d6+ $1 Rxd6 37. b4 $1 axb3 38. axb3 Rc1 {[%emt 0:00:25] [#]} 39. b4 $1 Nd3 40. Re8+ Kd7 41. Rg8 Nxb4 42. Rxg7+ Kd8 43. Rh7 Rc2 44. Rxc2 Nxc2 {[%emt 0:00:05] [#]} 45. Rxh6 $18 {[%emt 0:00:05][%mdl 4096] Endgame KRB-KRN} (45. h4 $1 $18) 45... Rd2+ $16 46. Kf3 {[%emt 0:00:58] And now h4 would win.} Nd4+ (46... Rd3+ $16 {is a better defense.} 47. Kg4 Ne3+ 48. Kh5 Nf1) 47. Kg4 $18 Ke7 $2 (47... Nc2 {might work better.} 48. h4 Ne3+ 49. Kh5 Rg2) 48. Rh7+ Kf8 $2 (48... Kd6 49. h4 Nc2) 49. h4 {[%emt 0:01:18][%cal Bh2h4,Bh4h5][%mdl 32] White is clearly winning.} Kg8 50. Rf7 Rf2 51. h5 {[%emt 0:00:35] Weighted Error Value: White=0.16 (very precise) /Black=0.19 (very precise)} 1-0

[Event "Saint Louis Norm Congress-GM 2022"]
[Site "Saint Louis"]
[Date "2022.05.20"]
[Round "2.3"]
[White "Ruiz Castillo, Joshua Daniel"]
[Black "Matviishen, Viktor"]
[Result "1-0"]
[ECO "A01"]
[WhiteElo "2473"]
[BlackElo "2517"]
[Annotator "TA"]
[PlyCount "75"]
[EventDate "2022.05.20"]
[EventType "tourn"]
[EventCountry "USA"]
[SourceTitle "playchess.com"]
[Source "ChessBase"]
[SourceQuality "1"]
[TimeControl "5400+30"]

1. b3 d5 2. Bb2 Bg4 3. f3 Bh5 4. h4 f6 5. d4 Nc6 6. e3 {[%emt 0:04:45] A01: Nimzowitsch-Larsen Opening.} e5 7. Nc3 Bf7 8. Qd2 {[%emt 0:03:48] The position is equal.} Qd7 9. O-O-O O-O-O {[%emt 0:00:11] [#]} 10. h5 $146 ({Predecessor:} 10. g4 Kb8 11. Nge2 Bb4 12. a3 Ba5 13. b4 Bb6 14. Kb1 Nge7 15. Na4 Nc8 16. Nc5 {1-0 (43) Liang,J (2409)-Song,E (2383) New York 2022}) 10... Nh6 11. Nge2 Bb4 12. a3 Ba5 13. g4 Rhe8 14. Bg2 Kb8 15. Kb1 Be6 16. Qc1 Qe7 17. Rhg1 Nf7 18. Bh1 g5 19. f4 gxf4 20. dxe5 fxe5 ({Much worse is} 20... Nfxe5 21. Nxf4 Bxc3 22. Bxc3 $11) (20... f3 $15 21. Bxf3 Nfxe5) 21. exf4 $14 {[%emt 0:04:18] f5 is the strong threat.} d4 22. f5 (22. Na4 $1 $16) 22... dxc3 $11 23. Bxc3 Rxd1 (23... Bxc3 {is more complex.} 24. fxe6 Rxd1 25. Qxd1 Rd8) 24. Rxd1 {[%emt 0:00:40] Strongly threatening Bxc6.} Bxc3 25. Bxc6 bxc6 26. fxe6 Qxe6 {[%emt 0:00:04] Threatens to win with ...Ba5.} 27. Nxc3 Qxg4 28. Qe3 Nd6 29. Kb2 (29. Qc5 $11 {remains equal.}) 29... e4 $1 $17 ({But not} 29... Qxh5 $6 30. Qc5 $11) 30. Rd4 (30. Qc5 $17 e3 31. Re1) 30... a5 $4 {[%emt 0:00:14][%mdl 8192] [#]} (30... Qxh5 $19 {and life is good for Black. Hoping for ...Qe5.} 31. Rb4+ Ka8) 31. Rxd6 $1 $18 {[%emt 0:02:15][%mdl 576] Deflection} cxd6 {[%emt 0:00:33][%mdl 4096] Endgame KQR-KQN} 32. Qb6+ Kc8 {[%emt 0:00:07] And now ...Qd7 would win.} 33. Qxc6+ Kd8 34. Nd5 $1 {[%emt 0:00:28][%csl Gd5][%cal Rc6c7][%mdl 1024] White has strong compensation.} ({Reject} 34. Qxd6+ $6 Qd7 35. Qc5 Qc7 36. Qd5+ Kc8 $11) 34... Re6 $2 (34... Qg7+ $16 35. Ka2 Qf7 36. Qxd6+ Kc8 37. Qc6+ Kb8) 35. Qc7+ {[%emt 0:01:58] White is clearly winning.} Ke8 36. Qc8+ Kf7 {[%emt 0:00:03] [#]} 37. Qd7+ $1 {[%emt 0:00:07][%mdl 64] Skewer} Kf8 {[%emt 0:00:01] [#]} 38. Nc7 $1 {[%emt 0:00:47] Weighted Error Value: White=0.14 (very precise) /Black=0.22 (precise)} 1-0